 Dungeon Crawl Stone Soup version 0.22-a0-248-gc8378ba (webtiles) character file.

164 KristoblXynda the Slasher (level 5, -3/41 HPs)
             Began as a Draconian Gladiator on Feb 28, 2018.
             Killed from afar by an orc wizard (6 damage)
             ... with a puff of frost
             ... on level 4 of the Dungeon.
             The game lasted 00:04:06 (2678 turns).

KristoblXynda the Slasher (Draconian Gladiator)     Turns: 2678, Time: 00:04:06

Health: -3/41      AC:  8    Str: 16    XL:     5   Next: 21%
Magic:  14/14      EV: 14    Int:  9    God:
Gold:   100        SH:  0    Dex: 13    Spells: 4/4 levels left

rFire    . . .     SeeInvis .   a - +0 long sword
rCold    . . .     Gourm    .   (no shield)
rNeg     . . .     Faith    .   (armour unavailable)
rPois    .         Spirit   .   b - +0 hat
rElec    .         Reflect  .   (no cloak)
rCorr    .         Harm     .   (no gloves)
MR       .....                  (no boots)
Stlth    +.........             (no amulet)
HPRegen  0.13/turn              n - +3 ring of protection
MPRegen  0.14/turn              e - ring of magical power

@: very slightly contaminated, invisible
A: unfitting armour, cold-blooded, AC +5
a: no special abilities


You were on level 4 of the Dungeon.
You were not hungry.

You visited 1 branch of the dungeon, and saw 4 of its levels.

You collected 100 gold pieces.

Inventory:

Hand Weapons
 a - a +0 long sword (weapon)
Missiles
 c - a throwing net (quivered)
Armour
 b - a +0 hat (worn)
Jewellery
 e - a ring of magical power (right hand)
 n - a +3 ring of protection (left hand)
Scrolls
 f - 2 scrolls of noise {unknown}
 i - 2 scrolls of random uselessness {unknown}
 k - 2 scrolls of teleportation
 l - a scroll of remove curse {unknown}
 m - a scroll of magic mapping {unknown}
 o - 3 scrolls of fear {unknown}
 p - a scroll of identify
 q - a scroll of immolation {unknown}
 r - 2 scrolls of fog {unknown}
Potions
 g - a potion of haste
 j - a potion of flight
Comestibles
 d - 4 rations


   Skills:
 - Level 2.1 Fighting
 * Level 5.1 Long Blades
 - Level 2.0 Throwing
 + Level 3.8 Dodging


You had 4 spell levels left.
You didn't know any spells.

Dungeon Overview and Level Annotations

Branches:
Dungeon (4/15)
 Temple: D:4-7

Altars:
Elyvilon
Okawaru


Innate Abilities, Weirdness & Mutations

Your plain brown scales are hard. (AC +5)
You cannot fit into any form of body armour.
You are cold-blooded and may be slowed by cold attacks.


Message History

You throw a throwing net. The throwing net hits the orc wizard.
The orc wizard is caught in the net!
The orc wizard is lightly wounded.
Something hits you.
* * * LOW HITPOINT WARNING * * *
The orc wizard struggles against the net.
Unknown command.
You hit the orc wizard.
The orc wizard is moderately wounded.
The orc wizard struggles against the net.
Something hits you but does no damage.
The orc wizard struggles against the net.
Unknown command.
You hit the orc wizard.
The orc wizard is moderately wounded.
Something hits you.
* * * LOW HITPOINT WARNING * * *
The orc wizard points at you and mumbles some strange words.
The puff of frost hits you!
You die...

#.......###.###.....#
#.......#..:..#....#
#........#+#.###...##
#..........#.#.....#
#..........###.o..##
...........o{..o..#
.........########o#
.........# #)o#
#........# #@##
#......### ##.#
##.......#####..#
##.###.....##.## ##
##.......# ##......#
##.......##
##.........##
#...........#


You could see 2 orc wizards.

Vanquished Creatures
  2 orc wizards
  3 adders
  A worm (D:2)
  2 dart slugs
  A leopard gecko (D:1)
  4 orcs (D:3)
  6 bats
  2 giant cockroaches
  9 goblins
  5 hobgoblins
  4 quokkas
  2 ball pythons
  5 frilled lizards
  14 kobolds
  7 rats
67 creatures vanquished.

Notes
Turn   | Place    | Note
-------+----------+-------------------------------------------
     0 | D:1      | KristoblXynda the Draconian Gladiator began the quest for the Orb.
     0 | D:1      | Reached XP level 1. HP: 17/17 MP: 1/1
   139 | D:1      | Reached XP level 2. HP: 8/24 MP: 2/2
   961 | D:1      | Reached XP level 3. HP: 27/29 MP: 3/3
  1040 | D:2      | Found a white marble altar of Elyvilon.
  1123 | D:2      | Reached skill level 4 in Long Blades
  1245 | D:2      | Reached XP level 4. HP: 13/36 MP: 4/4
  1265 | D:2      | Found an iron altar of Okawaru.
  2674 | D:4      | Reached skill level 5 in Long Blades
  2674 | D:4      | Reached XP level 5. HP: 14/41 MP: 5/5
  2678 | D:4      | Killed from afar by an orc wizard

Vault maps used:
D:1:      erik_arrival_blinker_ship
D:2:      elyvilon_altar_4, okawaru_ov_weapons_minmay
D:3:      minmay_misc_feat_tiny
D:4:      lemuel_round_altar, grunt_temple_overflow_cloverleaf, first_ration,
          minmay_a_box_with_orc_wizards_in_it

Skill      XL: |  1  2  3  4 |
---------------+-------------+-----
Throwing       | 2 |  2.0
Dodging        | 3 |  3.8
Long Blades    | 4 5 |  5.1
Fighting       | |  2.1

Action                   |  1- 3 |  4- 6 || total
-------------------------+-------+-------++-------
Melee: Long sword        |    91 |    68 ||   159
       Tailslap          |    16 |    19 ||    35
Throw: Throwing net      |       |     2 ||     2
  Use: Scroll            |       |     5 ||     5
       Potion            |       |     1 ||     1
 Stab: Sleeping          |     1 |       ||     1
       Held in net/web   |       |     1 ||     1
  Eat: Chunk             |     1 |     1 ||     2
       Ration            |       |     1 ||     1
Armor: Skin              |    20 |    29 ||    49
Dodge: Dodged            |    67 |    91 ||   158
       Rpst.: Long sword |    18 |    29 ||    47

Table legend:
 A = Spawn XP
 B = Non-spawn XP
 C = Spawn XP percentage of total XP
 D = Spawn monster count
 E = Non-spawn monster count
 F = Spawn count percentage of total count
 G = Total turns spent on level
                    A         B        C        D         E        F      G
               +---------+---------+-------+---------+---------+-------+---------
         Total |       0 |     235 |   0.0 |       0 |      67 |   0.0 |  2678
               +---------+---------+-------+---------+---------+-------+---------
           D:1 |       0 |      42 |   0.0 |       0 |      25 |   0.0 |  1028
           D:2 |       0 |      65 |   0.0 |       0 |      22 |   0.0 |   822
           D:3 |       0 |      86 |   0.0 |       0 |      19 |   0.0 |   728
           D:4 |       0 |      42 |   0.0 |       0 |       1 |   0.0 |   100
               +---------+---------+-------+---------+---------+-------+---------
